 Dungeon Crawl Stone Soup version 0.19-a0-1097-g38e3b35 (webtiles) character file.

292 HaroldButt the Twirler (level 6, -2/47 HPs)
             Began as a Formicid Fighter on Aug 8, 2016.
             Slain by an ogre
             ... wielding a +0 giant spiked club
              (20 damage)
             ... on level 4 of the Dungeon.
             The game lasted 00:07:25 (2752 turns).

HaroldButt the Twirler (Formicid Fighter)           Turns: 2752, Time: 00:07:26

Health: -2/47      AC:  8    Str: 23    XL:     6   Next: 59%
Magic:  6/6        EV:  8    Int:  7    God:
Gold:   137        SH: 10    Dex: 10    Spells: 0 memorised, 5 levels left

rFire  . . .     SeeInvis +     a - +1 quarterstaff
rCold  . . .     Gourm    +     s - +2 scale mail {MR+}
rNeg   . . .     Faith    .     c - +0 shield
rPois  +         Spirit   .     (helmet unavailable)
rElec  .         Dismiss  .     (no cloak)
rCorr  .         Reflect  .     (no gloves)
SustAt .         Harm     .     (no boots)
MR     +....                    p - amulet of the gourmand
Stlth  ..........               (no ring)
                                j - ring of poison resistance

@:
A: permanent stasis, dig shafts and tunnels, four strong arms, antennae 3
a: Dig, Shaft Self


You were on level 4 of the Dungeon.
You were completely stuffed.

You visited 1 branch of the dungeon, and saw 4 of its levels.

You collected 137 gold pieces.

Inventory:

Hand Weapons
 a - a +1 quarterstaff (weapon)
Missiles
 o - 119 stones (quivered)
Armour
 c - a +0 shield (worn)
 n - a +0 fire dragon armour
 s - a +2 scale mail of magic resistance (worn)
Jewellery
 j - a ring of poison resistance (left hand)
 p - an amulet of the gourmand (around neck)
 r - an uncursed amulet of faith {unknown}
Wands
 q - a wand of iceblast (7/15)
Scrolls
 k - 2 scrolls of enchant weapon
Potions
 b - a potion of flight {unknown}
 d - a potion of might
 e - 3 potions of heal wounds
 g - 3 potions of curing
 i - a potion of degeneration {unknown}
 l - 2 potions of cancellation
 m - a potion of resistance {unknown}
Comestibles
 f - a bread ration
 h - a meat ration
 t - 3 chunks of flesh


   Skills:
 - Level 3.2 Fighting
 * Level 5.7 Staves
 - Level 3.2 Armour
 + Level 5.1 Shields


You had 5 spell levels left.
You didn't know any spells.

Dungeon Overview and Level Annotations

Branches:
Dungeon (4/15)
 Temple: D:4-7

Altars:


Innate Abilities, Weirdness & Mutations

You are under a permanent stasis effect.
You can dig through walls and to a lower floor.
Your four strong arms can wield two-handed weapons with a shield.
You have a pair of large antennae on your head. (SInv)


Message History

The orc is moderately wounded.
The orc hits you with a short sword.
You hit the orc.
You kill the orc!
Your shield and scale mail prevent you from hitting the orc priest.
The orc priest hits you but does no damage.
You sock the orc priest!
You kill the orc priest!
You hit the ogre.
The ogre is moderately wounded.
You block the ogre's attack.
You hit the ogre.
The ogre is moderately wounded.
The ogre hits you with a giant spiked club!!
You sock the ogre!
The ogre is severely wounded.
You hit the ogre.
The ogre is severely wounded.
The ogre hits you with a giant spiked club!!
You die...

#### ##.. .#.. ..######.
.... ....##... ...#
#.#.##.#.# ...##
#.#.##.#.# #
....####.#.##.#.# #.##
.........#†##.#.###.....
....####......[.......#
.<.## ###......@### .#
...# ####.###O######..#
##.# #.##.##........ #.#
#.............# #.#
########.#####. #.#
#...>..........# #.#
#..o..##.####### #.#
...o. #.# #.# ...o{ ...


You could see an ogre.

Vanquished Creatures
  An ogre (D:4)
  An orc priest (D:4)
  5 adders (D:3)
  A shadow imp (D:4)
  An ooze (D:3)
  3 dart slugs
  3 giant geckos
  18 orcs
  3 giant cockroaches
  4 goblins
  9 hobgoblins
  8 jackals
  13 kobolds
  3 ball pythons
  A ball python skeleton (D:4)
  8 bats
  A giant newt (D:1)
  A jackal skeleton (D:4)
  12 rats
96 creatures vanquished.

Notes
Turn   | Place    | Note
-------+----------+-------------------------------------------
     0 | D:1      | HaroldButt the Formicid Fighter began the quest for the Orb.
     0 | D:1      | Reached XP level 1. HP: 18/18 MP: 1/1
   140 | D:1      | Reached XP level 2. HP: 13/24 MP: 2/2
   291 | D:1      | Reached XP level 3. HP: 27/29 MP: 3/3
  1186 | D:2      | Reached XP level 4. HP: 31/35 MP: 4/4
  2101 | D:3      | Reached XP level 5. HP: 31/41 MP: 5/5
  2658 | D:4      | Noticed an ogre
  2667 | D:4      | Killed an ogre
  2667 | D:4      | Reached skill level 5 in Staves
  2667 | D:4      | Reached skill level 5 in Shields
  2667 | D:4      | Reached XP level 6. HP: 32/47 MP: 6/6
  2732 | D:4      | Noticed an ogre
  2752 | D:4      | Slain by an ogre

Vault maps used:
D:1:      lemuel_arrival_muddy, serial_park_tiny_2, kennysheep_small_spiral
D:2:      minmay_strange_pillars
D:3:      wad_orctagon
D:4:      first_bread, uniq_duvessa

Skill      XL: |  1  2  3  4  5 |
---------------+----------------+-----
Staves         | 3 4 5 |  5.7
Shields        | 4 5 |  5.1
Fighting       | |  3.2
Armour         | |  3.2

Action                   |  1- 3 |  4- 6 || total
-------------------------+-------+-------++-------
Melee: Quarterstaff      |   116 |   184 ||   300
 Abil: Dig               |       |     1 ||     1
  Use: Scroll            |     4 |     6 ||    10
  Eat: Chunk             |     5 |    12 ||    17
Armor: Scale mail        |    58 |    52 ||   110
Dodge: Dodged            |    33 |    49 ||    82
Block: Shield            |    67 |    76 ||   143
